[Event "Titled Tuesday Blitz January 10 Late 2023"]
[White "Berezin, Viktor"]
[Black "Winkels, Marcel"]
[WhiteFideId "14107872"]
[BlackFideId "1003887"]
[WhiteElo "2307"]
[BlackElo "1960"]
[Result "1-0"]
[Round "03"]
[TimeControl "180+2"]
[Date "2023.01.10"]
[WhiteClock "0:00:57"]
[BlackClock "0:00:57"]

1. d4 Nf6 2. Nf3 g6 3. g3 Bg7 4. Bg2 d5 5. O-O O-O 6. c4 c6 7. cxd5 cxd5 8. Nc3 Ne4 9. Qb3 Nc6 10. Rd1 Nxc3 11. bxc3 Bf5 12. Bf4 Qb6 13. Qxd5 Rfd8 14. Qb3 Be4 15. Ng5 Bxg2 16. Qxf7+ Kh8 17. Kxg2 Rf8 18. Qe6 h6 19. Nf3 g5 20. Be5 Nxe5 21. Qxb6 axb6 22. Nxe5 Rac8 23. Ng6+ Kg8 24. Nxe7+ Kf7 25. Nxc8 Rxc8 26. Rac1 b5 27. e4 b6 28. Rd3 Rc4 29. Rb1 Ra4 30. Rxb5 Rxa2 31. Rxb6 g4 32. d5 Be5 33. Rxh6 Kg7 34. Rh5 Bc7 35. d6 Bb6 36. Rf5 Kg6 37. d7 Ra8 38. Rd6+ 1-0


[Site "https://www.chess.com"]

[Event "Titled Tuesday Blitz January 10 Late 2023"]
[White "Taghizadeh, Rayan"]
[Black "Wanger, Tamas"]
[WhiteFideId "2054019"]
[BlackFideId "740454"]
[WhiteElo "2273"]
[BlackElo "1951"]
[Result "1-0"]
[Round "03"]
[TimeControl "180+2"]
[Date "2023.01.10"]
[WhiteClock "0:00:10"]
[BlackClock "0:00:04"]

1. e4 g6 2. Nc3 Bg7 3. d3 c6 4. Bg5 d5 5. Qd2 Qb6 6. O-O-O d4 7. Nce2 Be6 8. Kb1 Nd7 9. Nf4 Nc5 10. Nxe6 Nxe6 11. Bh4 a5 12. f4 a4 13. a3 Ra5 14. Nf3 Rb5 15. Qc1 Nf6 16. Nd2 Nxf4 17. Nc4 Qc7 18. g3 Ne6 19. Bh3 Nc5 20. g4 O-O 21. Bg3 Qd8 22. g5 Nh5 23. Bf2 Ne6 24. Bg4 Nxg5 25. Bxh5 gxh5 26. Rhg1 f6 27. h4 Nf7 28. Rg2 Kh8 29. Rdg1 Rg8 30. Qd1 Nh6 31. e5 Ng4 32. exf6 Bxf6 33. Bg3 e6 34. Bf4 Bxh4 35. Nd6 Rf5 36. Nxf5 exf5 37. Re2 Bf6 38. Qe1 Bh4 39. Qf1 Re8 40. Rxe8+ Qxe8 41. Qg2 Qe6 42. Qf3 Bf6 43. Bg3 Kg7 44. Rf1 Kg6 45. Bf4 Bg5 46. Bxg5 Kxg5 47. Qf4+ Kg6 48. Qc7 Qe2 49. Rc1 Ne3 50. Qxb7 f4 51. Qxc6+ Kf5 52. Qe4+ Kg4 53. Rg1+ Kh3 54. Qh1+ Qh2 55. Qf3+ Kh4 56. Rh1 1-0


[Site "https://www.chess.com"]

[Event "Titled Tuesday Blitz January 10 Late 2023"]
[White "Marin Masis, Jose Esteban"]
[Black "Ruperez Benito, Antonio"]
[WhiteFideId "6508146"]
[BlackFideId "22245049"]
[WhiteElo "1938"]
[BlackElo "2307"]
[Result "0-1"]
[Round "03"]
[TimeControl "180+2"]
[Date "2023.01.10"]
[WhiteClock "0:00:32"]
[BlackClock "0:01:15"]

1. e4 e6 2. e5 d5 3. exd6 cxd6 4. d4 d5 5. Nf3 Nc6 6. c4 Nf6 7. Nc3 Be7 8. cxd5 Nxd5 9. Bc4 O-O 10. O-O b6 11. Nxd5 exd5 12. Bd3 Bg4 13. Bxh7+ Kxh7 14. Qc2+ g6 15. Qxc6 Bxf3 16. gxf3 Rc8 17. Qb5 Bd6 18. f4 Rxc1 19. Raxc1 Bxf4 20. Rc3 Qh4 21. h3 Qg5+ 22. Kh1 Bd6 23. Qd3 Re8 24. Qf3 Kg7 25. Rc6 Re6 26. Rg1 Qh4 27. Rg4 Qh6 28. Kg2 Rf6 29. Qxd5 Qd2 30. Rxg6+ Rxg6+ 0-1


[Site "https://www.chess.com"]

[Event "Titled Tuesday Blitz January 10 Late 2023"]
[White "Rodrigues, Leonardo De Miranda"]
[Black "Kobalia, Mikhail"]
[WhiteFideId "2108658"]
[BlackFideId "4119150"]
[WhiteElo "2112"]
[BlackElo "2578"]
[Result "0-1"]
[Round "03"]
[TimeControl "180+2"]
[Date "2023.01.10"]
[WhiteClock "0:00:11"]
[BlackClock "0:00:26"]

1. e4 c5 2. Nf3 e6 3. d3 Nc6 4. g3 g6 5. Bg2 Bg7 6. O-O Nge7 7. Nbd2 O-O 8. Re1 d6 9. c3 e5 10. a3 Rb8 11. b4 b5 12. Nb3 Be6 13. Be3 c4 14. dxc4 bxc4 15. Nbd2 d5 16. Bc5 d4 17. Qc1 d3 18. Ng5 Qd7 19. Qb2 Bh6 20. Be3 Bxg5 21. Bxg5 f6 22. Bh6 Rfd8 23. Qa2 Kh8 24. h4 Nc8 25. f4 Nd6 26. Rf1 exf4 27. Rxf4 Ne5 28. Rff1 Ng4 29. Bf4 Rbc8 30. Nf3 Nb5 31. Qb2 a6 32. a4 Qa7+ 33. Kh1 Nd6 34. Nd4 Qe7 35. b5 g5 36. hxg5 fxg5 37. Bxd6 Qxd6 38. Rf3 Bd7 39. Raf1 Qh6+ 40. Bh3 Qxh3+ 41. Kg1 Ne5 42. Qg2 Qxg2+ 43. Kxg2 Nxf3 44. Rxf3 axb5 45. axb5 Bg4 46. Re3 Rxd4 47. cxd4 d2 0-1


[Site "https://www.chess.com"]

[Event "Titled Tuesday Blitz January 10 Late 2023"]
[White "Gutkin, Ilya"]
[Black "Domingo Nunez, Ruben"]
[WhiteFideId "16203470"]
[BlackFideId "22245570"]
[WhiteElo "2273"]
[BlackElo "2416"]
[Result "0-1"]
[Round "03"]
[TimeControl "180+2"]
[Date "2023.01.10"]
[WhiteClock "0:00:05"]
[BlackClock "0:01:15"]

1. Nf3 g6 2. d4 Bg7 3. e4 c6 4. Nc3 d5 5. h3 dxe4 6. Nxe4 Nf6 7. Nxf6+ exf6 8. Qe2+ Be6 9. Be3 O-O 10. Qd2 Re8 11. Be2 a5 12. O-O Na6 13. c3 Nc7 14. b3 Nd5 15. c4 Nxe3 16. fxe3 Bf5 17. Bd3 Be4 18. Bxe4 Rxe4 19. Qd3 Qe7 20. Rae1 Re8 21. Qc3 b6 22. c5 bxc5 23. dxc5 a4 24. bxa4 Rxa4 25. Nd4 f5 26. Qb3 Ra6 27. Qc4 Rea8 28. e4 Qd7 29. Nb3 Ra4 30. Qc1 fxe4 31. Rd1 Qe7 32. Qf4 e3 33. Rfe1 Rxf4 0-1


[Site "https://www.chess.com"]

[Event "Titled Tuesday Blitz January 10 Late 2023"]
[White "Jakubowski, Krzysztof"]
[Black "Melikhov, Evgeny V."]
[WhiteFideId "1112848"]
[BlackFideId "4122046"]
[WhiteElo "2486"]
[BlackElo "2269"]
[Result "0-1"]
[Round "03"]
[TimeControl "180+2"]
[Date "2023.01.10"]
[WhiteClock "0:00:07"]
[BlackClock "0:00:22"]

1. e4 e5 2. Nf3 Nc6 3. Bc4 Nf6 4. Ng5 d5 5. exd5 Na5 6. Bb5+ c6 7. dxc6 bxc6 8. Bd3 Ng4 9. Nh3 Bc5 10. a3 Qh4 11. O-O Nb7 12. Nc3 O-O 13. Qf3 Bd4 14. Ne2 Bb6 15. Qxc6 Nc5 16. Qxa8 Bb7 17. Qxb7 Nxb7 18. b4 Nd6 19. Bb2 e4 20. Ba6 f5 21. c4 f4 22. c5 Bc7 23. cxd6 Bxd6 24. Rac1 f3 25. Ng3 fxg2 26. Kxg2 Nxh2 27. Rc8 Rxc8 28. Bxc8 Nxf1 29. Nxf1 Qh5 30. Ng1 Qg5+ 31. Ng3 Bxg3 32. Nh3 Qxd2 33. Be6+ Kf8 34. Kxg3 Qxb2 35. Kf4 Qf6+ 0-1


[Site "https://www.chess.com"]

[Event "Titled Tuesday Blitz January 10 Late 2023"]
[White "Altman, Joshua"]
[Black "Gatterer, Florian"]
[WhiteFideId "426210"]
[BlackFideId "811688"]
[WhiteElo "2120"]
[BlackElo "2170"]
[Result "0-1"]
[Round "03"]
[TimeControl "180+2"]
[Date "2023.01.10"]
[WhiteClock "0:00:05"]
[BlackClock "0:00:24"]

1. d4 d5 2. c4 c6 3. cxd5 cxd5 4. Nf3 Nf6 5. Nc3 Nc6 6. Bf4 Bf5 7. e3 e6 8. Qb3 Bb4 9. Bb5 O-O 10. Bxc6 Bxc3+ 11. Qxc3 Rc8 12. Ne5 Ne4 13. Qa3 bxc6 14. O-O f6 15. Nd3 g5 16. Bg3 h5 17. f3 Nd2 18. Rfd1 Nc4 19. Qxa7 Bxd3 20. Rxd3 Nxb2 21. Rb3 Rf7 22. Qc5 Nc4 23. h3 Qe7 24. Qxe7 Rxe7 25. a4 h4 26. Bh2 Ra7 27. f4 gxf4 28. Bxf4 Rca8 29. Rb4 Kg7 30. e4 Kg6 31. exd5 cxd5 32. Re1 Kf5 33. Rf1 Kg6 34. Re1 Rxa4 35. Rxa4 Rxa4 36. Rxe6 Kf5 37. Re7 Kxf4 38. Rf7 f5 39. Rg7 Ra1+ 40. Kf2 Ra2+ 41. Kg1 Ne3 42. Re7 Rd2 43. Re5 Rxd4 44. Re6 Rd2 45. Rh6 Rxg2+ 46. Kh1 Re2 47. Rg6 d4 48. Rg1 d3 49. Rg2 Nxg2 50. Kg1 Ne3 51. Kh1 d2 52. Kg1 d1=Q# 0-1


[Site "https://www.chess.com"]

[Event "Titled Tuesday Blitz January 10 Late 2023"]
[White "Silva, Caio Henrique Angelico"]
[Black "Defend, Balint"]
[WhiteFideId "22777210"]
[BlackFideId "17004853"]
[WhiteElo "2129"]
[BlackElo "1673"]
[Result "0-1"]
[Round "03"]
[TimeControl "180+2"]
[Date "2023.01.10"]
[WhiteClock "0:02:03"]
[BlackClock "0:02:12"]

1. Nf3 Nf6 2. g3 d5 3. Bg2 e6 4. O-O b6 5. d4 Bb7 6. c4 dxc4 7. Nc3 Nbd7 8. Qa4 a6 9. Qxc4 b5 10. Qb3 c5 11. a4 c4 12. Qc2 b4 13. Nd1 Be4 14. Qxc4 Qa5 15. Bg5 Bd6 16. Nd2 Bxg2 17. Kxg2 Qxg5 18. Qc6 Qd5+ 19. Qxd5 exd5 0-1


[Site "https://www.chess.com"]

[Event "Titled Tuesday Blitz January 10 Late 2023"]
[White "gshwbedhkhd"]
[Black "Rose, Felix"]
[BlackFideId "5105722"]
[WhiteElo "2527"]
[BlackElo "2091"]
[Result "1-0"]
[Round "03"]
[TimeControl "180+2"]
[Date "2023.01.10"]
[WhiteClock "0:00:55"]
[BlackClock "0:00:31"]

1. e4 e5 2. Nc3 Nf6 3. f4 d5 4. fxe5 Nxe4 5. Qf3 Nxc3 6. bxc3 Be7 7. d4 O-O 8. Bd3 f6 9. Qh5 f5 10. Nf3 c5 11. O-O c4 12. Be2 Qe8 13. Ng5 Qxh5 14. Bxh5 Nc6 15. Bf3 Rd8 16. Rb1 h6 17. Nh3 Rb8 18. Rb5 Be6 19. Nf4 a6 20. Rb6 Bf7 21. e6 Be8 22. Nxd5 Bd6 23. Ne3 g6 24. Nxc4 Bc7 25. Rb1 Kg7 26. d5 Ne7 27. Rd1 Bb5 28. Ne3 f4 29. Ng4 h5 30. Nf2 Be5 31. Ba3 Kf6 32. Ne4+ 1-0


[Site "https://www.chess.com"]

[Event "Titled Tuesday Blitz January 10 Late 2023"]
[White "Belenkaya, Dina"]
[Black "De Arruda, Leandro Formes"]
[WhiteFideId "24142654"]
[BlackFideId "22722009"]
[WhiteElo "2267"]
[BlackElo "1980"]
[Result "1/2-1/2"]
[Round "03"]
[TimeControl "180+2"]
[Date "2023.01.10"]
[WhiteClock "0:00:22"]
[BlackClock "0:00:10"]

1. Nf3 d5 2. g3 Nf6 3. Bg2 g6 4. d3 Bg7 5. Nbd2 O-O 6. O-O Bf5 7. Re1 Nc6 8. h3 e5 9. Kh2 Re8 10. c3 e4 11. Nh4 exd3 12. Nxf5 dxe2 13. Rxe2 Rxe2 14. Qxe2 gxf5 15. Qf3 Qd7 16. Nb3 Ne5 17. Qd1 c6 18. Bf4 Nc4 19. Nc5 Qe7 20. b4 Ne4 21. Qh5 Nxc5 22. bxc5 Bxc3 23. Rb1 Nd2 24. Bxd2 Bxd2 25. Qxf5 Bc3 26. Bf3 Bg7 27. Rb3 b6 28. cxb6 axb6 29. Rxb6 Rxa2 30. Rb8+ Bf8 31. Qg4+ Kh8 32. Qc8 Rxf2+ 33. Bg2 Rxg2+ 34. Kxg2 Qe2+ 35. Kg1 Qe1+ 36. Kg2 Qe2+ 37. Kg1 Qe1+ 38. Kg2 Qe2+ 1/2-1/2


[Site "https://www.chess.com"]

[Event "Titled Tuesday Blitz January 10 Late 2023"]
[White "Cepo, Toni"]
[Black "Jimenez Almeida, Luis David"]
[WhiteFideId "4675916"]
[BlackFideId "22242244"]
[WhiteElo "2145"]
[BlackElo "2242"]
[Result "0-1"]
[Round "03"]
[TimeControl "180+2"]
[Date "2023.01.10"]
[WhiteClock "0:01:59"]
[BlackClock "0:01:18"]

1. e4 c5 2. Nf3 e6 3. d4 cxd4 4. Nxd4 Nc6 5. Nxc6 bxc6 6. Bd3 d5 7. exd5 cxd5 8. O-O Nf6 9. Bg5 Be7 10. Nc3 O-O 11. Re1 Bb7 12. Qf3 Qb6 13. Rab1 Rfd8 14. Qh3 g6 15. Ne2 e5 16. c3 Ne4 17. Bxe4 Bxg5 18. Bc2 Bf6 19. Bb3 a5 20. Qf3 a4 21. Qxf6 Qxf6 0-1


[Site "https://www.chess.com"]

[Event "Titled Tuesday Blitz January 10 Late 2023"]
[White "Reprintsev, Alexander"]
[Black "Muhammad, Shahzeb"]
[WhiteFideId "14100541"]
[BlackFideId "7804806"]
[WhiteElo "2253"]
[BlackElo "1853"]
[Result "0-1"]
[Round "03"]
[TimeControl "180+2"]
[Date "2023.01.10"]
[WhiteClock "0:00:18"]
[BlackClock "0:00:08"]

1. e4 d5 2. exd5 Nf6 3. d4 Nxd5 4. c4 Nb6 5. Nc3 e5 6. Nf3 exd4 7. Nxd4 Bb4 8. Be2 O-O 9. O-O Bxc3 10. bxc3 Qf6 11. c5 Nd5 12. Qb3 c6 13. Bf3 Nc7 14. Re1 Nba6 15. Ba3 Rb8 16. Qc4 Ne6 17. Re4 Ng5 18. Re3 Be6 19. Nxe6 Nxe6 20. Bxc6 Naxc5 21. Bf3 Rbc8 22. Qb5 b6 23. Rae1 Rfd8 24. h3 h6 25. Bg4 Rd6 26. Bxc5 Rxc5 27. Qa6 Rc7 28. Bxe6 Rxe6 29. Rxe6 fxe6 30. Re3 Rxc3 31. Rxc3 Qxc3 32. Qxa7 Qe1+ 33. Kh2 Qxf2 34. Qa8+ Kh7 35. Qe4+ Qf5 36. Qe3 b5 37. a3 e5 38. Qc5 Qf4+ 39. Kg1 Qd4+ 40. Qxd4 exd4 41. Kf2 Kg6 42. g4 Kf6 43. Kf3 Ke5 44. h4 g5 45. h5 Kd5 0-1


[Site "https://www.chess.com"]

[Event "Titled Tuesday Blitz January 10 Late 2023"]
[White "Stanisz, Patryk"]
[Black "Malka, Samuel"]
[WhiteFideId "1123106"]
[BlackFideId "20643675"]
[WhiteElo "2161"]
[BlackElo "2165"]
[Result "1/2-1/2"]
[Round "03"]
[TimeControl "180+2"]
[Date "2023.01.10"]
[WhiteClock "0:00:52"]
[BlackClock "0:00:20"]

1. d4 d5 2. c4 e6 3. Nc3 Nf6 4. Nf3 Nbd7 5. Bf4 Bb4 6. e3 O-O 7. Rc1 a6 8. a3 Bxc3+ 9. Rxc3 dxc4 10. Bxc4 b5 11. Ba2 Ra7 12. Qc2 c5 13. dxc5 e5 14. Nxe5 Nxe5 15. Bxe5 Ng4 16. Bd6 Re8 17. h3 Qh4 18. g3 Qh6 19. Bf4 g5 20. Bxg5 Qxg5 21. hxg4 h6 22. Rh5 Qg7 1/2-1/2


[Site "https://www.chess.com"]

[Event "Titled Tuesday Blitz January 10 Late 2023"]
[White "Pasti, Aron"]
[Black "Harish, Neeraj"]
[WhiteFideId "785857"]
[BlackFideId "30958130"]
[WhiteElo "2361"]
[BlackElo "2232"]
[Result "1-0"]
[Round "03"]
[TimeControl "180+2"]
[Date "2023.01.10"]
[WhiteClock "0:00:47"]
[BlackClock "0:00:40"]

1. e4 c5 2. Nf3 Nc6 3. d4 cxd4 4. Nxd4 Nf6 5. Nc3 e5 6. Ndb5 d6 7. Nd5 Nxd5 8. exd5 Nb8 9. a4 Be7 10. Be2 O-O 11. O-O Nd7 12. Bd2 a6 13. Na3 a5 14. Nc4 f5 15. b4 f4 16. bxa5 e4 17. Bb4 Rf6 18. Bg4 Ne5 19. Nxe5 dxe5 20. Bxe7 Qxe7 21. Bxc8 Rxc8 22. Qe2 f3 23. Qxe4 fxg2 24. Rfe1 Qc5 25. Qe3 Qxd5 26. Rad1 Qxa5 27. Qg3 Rxc2 28. Rxe5 Qxa4 29. Re7 Rf7 30. Rd8+ 1-0


[Site "https://www.chess.com"]

[Event "Titled Tuesday Blitz January 10 Late 2023"]
[White "Marin Ramirez, Gerardo"]
[Black "Seletsky, Grigory"]
[WhiteFideId "3901068"]
[BlackFideId "14112191"]
[WhiteElo "2127"]
[BlackElo "2259"]
[Result "0-1"]
[Round "03"]
[TimeControl "180+2"]
[Date "2023.01.10"]
[WhiteClock "0:00:09"]
[BlackClock "0:00:50"]

1. d4 Nf6 2. Nf3 g6 3. c4 Bg7 4. Nc3 O-O 5. g3 d6 6. Bg2 Nc6 7. d5 Na5 8. Nd2 c5 9. Qc2 a6 10. Rb1 Bf5 11. e4 Bd7 12. O-O b5 13. b3 Rb8 14. h3 e5 15. Re1 b4 16. Nd1 Nb7 17. g4 a5 18. Ne3 a4 19. Ndf1 h5 20. f3 Bh6 21. Nd1 Bxc1 22. Qxc1 hxg4 23. fxg4 Nh7 24. Qh6 axb3 25. axb3 Ra8 26. Nd2 Qg5 27. Qxg5 Nxg5 28. h4 Nh7 29. Ne3 Ra2 30. Re2 Rfa8 31. Rf1 Rb2 32. g5 Raa2 33. Rff2 Na5 0-1


[Site "https://www.chess.com"]

[Event "Titled Tuesday Blitz January 10 Late 2023"]
[White "Shapiro, Bryan"]
[Black "Forgacs, Attila Jr."]
[WhiteFideId "2087740"]
[BlackFideId "773654"]
[WhiteElo "1972"]
[BlackElo "2264"]
[Result "1-0"]
[Round "03"]
[TimeControl "180+2"]
[Date "2023.01.10"]
[WhiteClock "0:00:07"]
[BlackClock "0:00:11"]

1. d4 Nf6 2. c4 g6 3. Nc3 Bg7 4. e4 d6 5. h3 O-O 6. Nf3 Nbd7 7. Be3 e5 8. d5 Nc5 9. Qc2 a5 10. Nd2 Ne8 11. Be2 f5 12. f3 f4 13. Bf2 b6 14. b3 g5 15. a3 Bd7 16. O-O h5 17. b4 axb4 18. axb4 Rxa1 19. Rxa1 Nb7 20. Ra7 Bc8 21. Nb5 Nf6 22. Ra8 Qe7 23. Na7 Bd7 24. Rxf8+ Bxf8 25. Nb5 g4 26. Bf1 gxh3 27. gxh3 Qg7+ 28. Kh2 Bxb5 29. cxb5 Nd8 30. Bh4 Qf7 31. Nb3 Bg7 32. Na5 Qd7 33. Nc6 Nf7 34. Nb8 Qc8 35. Na6 Ne8 36. Qc6 Bf8 37. Be2 Bg7 38. Bf2 Qd8 39. Bg1 Kf8 40. Bf1 Bf6 41. Bf2 Qe7 42. Nb8 Nd8 43. Qc2 Bh4 44. Nc6 Nxc6 45. bxc6 Bxf2 46. Qxf2 Qg5 47. h4 Qg7 48. Bh3 Nf6 49. Bf5 Qg3+ 50. Qxg3 fxg3+ 51. Kxg3 Ke7 52. f4 exf4+ 53. Kxf4 Kf7 54. Kg5 Kg7 55. Bg6 Ng4 56. Bxh5 Nf2 57. Kf4 Nd3+ 58. Ke3 Nxb4 59. Be2 Na2 60. h5 Nc1 61. Kd2 Nb3+ 62. Kc3 Nc5 63. Kd4 Nb3+ 64. Kc3 Nc5 65. Kd4 Na4 66. e5 dxe5+ 67. Kxe5 Nc3 68. d6 cxd6+ 69. Kxd6 Nxe2 70. c7 Nf4 71. c8=Q Kh6 72. Qc6 Nxh5 73. Kc7+ Kg5 74. Kxb6 Nf4 75. Qc5+ Kg4 76. Qf8 Kf3 77. Kc5 Ke4 78. Kc4 Kf3 79. Qf5 Kg3 80. Qg5+ Kf3 81. Kc3 Ne2+ 82. Kd2 Nd4 83. Qe3+ Kg2 84. Qxd4 Kf1 85. Qe5 Kf2 86. Kd3 Kf3 87. Qe3+ Kg4 88. Qf2 Kg5 89. Ke4 Kg6 90. Ke5 Kg7 91. Ke6 Kh6 92. Qg2 Kh7 93. Kf7 Kh6 94. Qg6# 1-0


[Site "https://www.chess.com"]

[Event "Titled Tuesday Blitz January 10 Late 2023"]
[White "Dias, Joao Batista"]
[Black "Golizadeh, Asghar"]
[WhiteFideId "2108240"]
[BlackFideId "12505269"]
[WhiteElo "1796"]
[BlackElo "2455"]
[Result "1/2-1/2"]
[Round "03"]
[TimeControl "180+2"]
[Date "2023.01.10"]
[WhiteClock "0:00:04"]
[BlackClock "0:00:01"]

1. e4 c5 2. Nf3 d6 3. d4 cxd4 4. Nxd4 Nf6 5. Nc3 e5 6. Nb3 Be6 7. Bg5 Be7 8. Bd3 Nc6 9. O-O O-O 10. Qe2 h6 11. Bxf6 Bxf6 12. Rad1 Bg5 13. g3 Bh3 14. Rfe1 Qc8 15. Nd5 g6 16. c3 Kg7 17. Nd2 Rh8 18. Nc4 Qe6 19. Nce3 Rag8 20. Qf3 h5 21. Bc4 Qd7 22. Be2 h4 23. g4 f5 24. Qxh3 f4 25. Nc4 b5 26. Nd2 a6 27. Nf3 Bd8 28. Kh1 Qa7 29. Kg1 Qd7 30. a3 Kf8 31. Rd2 Na5 32. Kg2 Nb3 33. Rdd1 Nc5 34. g5 Qxh3+ 35. Kxh3 Nxe4 36. Kg2 h3+ 37. Kf1 Nxg5 38. Nxg5 Bxg5 39. Nc7 Ke7 40. Bg4 Rh4 41. f3 Rf8 42. Ne6 Rb8 43. Nxg5 a5 44. Ne4 b4 45. axb4 axb4 46. Rxd6 bxc3 47. Re6+ Kf7 48. Rf6+ Kg7 49. bxc3 Rb2 50. Rd1 Rxh2 51. Rd7+ Kh6 52. Rdd6 Rh1+ 53. Ke2 Rxg4 54. fxg4 h2 55. Rxg6+ Kh7 56. Ng5+ Kh8 57. Rd7 Re1+ 58. Kxe1 h1=Q+ 59. Ke2 Qg2+ 60. Kd3 Qf1+ 61. Ke4 Qb1+ 62. Kxe5 Qxg6 63. Nf7+ Kg8 64. Nd6 Qg5+ 65. Ke6 Qxg4+ 66. Nf5 f3 67. Rd8+ Kh7 68. Rd7+ Kh8 69. Rd8+ Kh7 70. Rd7+ Kh8 71. Rd8+ Kh7 1/2-1/2


[Site "https://www.chess.com"]

[Event "Titled Tuesday Blitz January 10 Late 2023"]
[White "Gubajdullin, Alexei"]
[Black "Ward, Ieuan C"]
[WhiteFideId "4141202"]
[BlackFideId "406627"]
[WhiteElo "2285"]
[BlackElo "2028"]
[Result "1-0"]
[Round "03"]
[TimeControl "180+2"]
[Date "2023.01.10"]
[WhiteClock "0:00:25"]
[BlackClock "0:00:04"]

1. d4 Nf6 2. Nf3 d5 3. Bf4 e6 4. e3 c5 5. Nbd2 Bd6 6. Bg3 Nc6 7. c3 O-O 8. Bd3 h6 9. Ne5 Qc7 10. f4 b6 11. Bh4 Nd7 12. Qh5 Ndxe5 13. fxe5 Be7 14. O-O Bxh4 15. Qxh4 Qe7 16. Qh5 Qg5 17. Qe2 f5 18. exf6 Rxf6 19. Rxf6 Qxf6 20. Rf1 Qe7 21. Bb5 Bd7 22. Bxc6 Bxc6 23. Nf3 Rf8 24. Ne5 Rxf1+ 25. Qxf1 Be8 26. Qf4 Qf6 27. h4 Qxf4 28. exf4 Kf8 29. Kf2 Ke7 30. Ke3 Kf6 31. g4 c4 32. h5 Ba4 33. Kf3 a6 34. Kg3 Be8 35. Kh4 a5 36. a3 Ba4 37. Kh3 Be8 38. Kg3 Ba4 39. Kh4 Be8 40. Nf3 Ba4 41. Nd2 Bd1 42. Nf1 Ba4 43. Ne3 Be8 44. g5+ Ke7 45. gxh6 gxh6 46. Ng4 Kf7 47. Nxh6+ Kf6 48. Ng8+ Kf5 49. h6 Bg6 50. Ne7+ Kf6 51. Nxg6 Kxg6 52. Kg4 Kxh6 53. f5 Kg7 54. fxe6 Kf6 55. e7 Kxe7 56. Kf5 Kd6 57. Kf6 b5 58. Kf7 Kd7 59. Kf8 Kd8 60. Kf7 Kd7 61. Kf6 Kd6 62. Kf5 b4 63. axb4 axb4 64. cxb4 Kc6 65. Ke5 Kb5 66. Kxd5 Kxb4 67. Kc6 Kb3 68. Kc5 Kxb2 69. Kxc4 Ka3 70. d5 Ka4 71. d6 Ka5 72. d7 Ka6 73. d8=Q Kb7 1-0


[Site "https://www.chess.com"]

[Event "Titled Tuesday Blitz January 10 Late 2023"]
[White "Guimaraes, Wagner Peixoto"]
[Black "Mikhailov, Viacheslav"]
[WhiteFideId "2100940"]
[BlackFideId "4187369"]
[WhiteElo "2194"]
[BlackElo "2428"]
[Result "0-1"]
[Round "03"]
[TimeControl "180+2"]
[Date "2023.01.10"]
[WhiteClock "0:00:03"]
[BlackClock "0:00:15"]

1. e4 c5 2. Nf3 Nc6 3. d4 cxd4 4. Nxd4 g6 5. Nc3 Bg7 6. Be3 Nf6 7. Bc4 O-O 8. Bb3 d6 9. h3 Nd7 10. O-O a5 11. Qd2 Nc5 12. Nxc6 bxc6 13. Bxc5 dxc5 14. Qxd8 Rxd8 15. Na4 Ba6 16. c4 Bd4 17. Rfd1 Rdb8 18. g3 Rb4 19. Rac1 Bc8 20. Kg2 Be6 21. Rd2 Kg7 22. f4 h5 23. Rcc2 Rab8 24. h4 Bg4 25. Rd3 e5 26. Rdd2 Re8 27. Nc3 exf4 28. gxf4 Bxc3 29. bxc3 Rb7 30. Ba4 Rb6 31. e5 Be6 32. Rd6 Bxc4 33. Kg3 Re6 34. Rcd2 Bd5 35. a3 Rb1 36. Rxe6 fxe6 37. c4 Bxc4 38. Rd7+ Kf8 39. Bxc6 Rb3+ 40. Kf2 Rxa3 41. Be4 Bd5 42. Bxd5 exd5 43. Rxd5 c4 44. Rd7 c3 45. Rc7 Ra2+ 46. Ke3 c2 47. Kd2 Ra4 48. Ke3 Ra2 49. Kd2 c1=Q+ 50. Kxc1 Rh2 51. Ra7 Rxh4 52. Rxa5 Rxf4 53. Kd2 h4 54. Ke3 Rf5 55. Ke4 h3 0-1


[Site "https://www.chess.com"]

[Event "Titled Tuesday Blitz January 10 Late 2023"]
[White "O`Gorman, Tom"]
[Black "Cueto, Jonny"]
[WhiteFideId "2508249"]
[BlackFideId "3300145"]
[WhiteElo "2355"]
[BlackElo "2122"]
[Result "1-0"]
[Round "03"]
[TimeControl "180+2"]
[Date "2023.01.10"]
[WhiteClock "0:01:35"]
[BlackClock "0:00:04"]

1. e4 e6 2. d4 d5 3. Bd3 Nc6 4. Nf3 dxe4 5. Bxe4 Nf6 6. Bd3 Be7 7. O-O O-O 8. Re1 b6 9. c3 Bb7 10. Bg5 h6 11. Bh4 Nd5 12. Bg3 Bd6 13. Nbd2 Nf4 14. Bc2 Ne7 15. Ne4 Nf5 16. Nxd6 Qxd6 17. Bxf5 exf5 18. Qd2 g5 19. Bxf4 Qxf4 20. Qxf4 gxf4 21. Ne5 Rfe8 22. f3 Ba6 23. Kf2 Kg7 24. Rad1 f6 25. Nd3 Bxd3 26. Rxd3 Kf7 27. Rd2 Rxe1 28. Kxe1 h5 29. Re2 h4 30. h3 Rg8 31. Kd2 Rd8 32. Kd3 c5 33. Kc4 cxd4 34. cxd4 Rc8+ 35. Kd3 Rd8 36. a4 Rc8 37. d5 Rd8 38. Kc4 Rd6 39. b4 Rd7 40. a5 bxa5 41. bxa5 Rd6 42. Kc5 Ra6 43. d6 Rxa5+ 44. Kc6 Ra1 45. d7 Rc1+ 46. Kd6 Rd1+ 47. Kc7 Rc1+ 48. Kd8 Rc5 49. Re7+ Kg6 50. Ke8 a5 51. d8=Q a4 52. Kf8 a3 53. Qe8+ Kh6 54. Kg8 a2 55. Rh7+ Kg5 56. Qh5# 1-0


[Site "https://www.chess.com"]

[Event "Titled Tuesday Blitz January 10 Late 2023"]
[White "Aldokhin, Ivan"]
[Black "Vaglio Munoz, Jaime"]
[WhiteFideId "24115720"]
[BlackFideId "6500145"]
[WhiteElo "2413"]
[BlackElo "2174"]
[Result "1-0"]
[Round "03"]
[TimeControl "180+2"]
[Date "2023.01.10"]
[WhiteClock "0:00:11"]
[BlackClock "0:01:14"]

1. e4 c5 2. Nf3 Qa5 3. Nc3 a6 4. d4 b5 5. dxc5 e6 6. Be3 b4 7. Ne2 Bxc5 8. Qd2 Bb7 9. Ng3 Nf6 10. Bd3 d6 11. O-O Nc6 12. a3 Bxe3 13. Qxe3 bxa3 14. Rxa3 Qc7 15. Rfa1 a5 16. Bb5 O-O 17. Bxc6 Qxc6 18. Nd4 Qc7 19. f3 Rfb8 20. Qg5 h6 21. Qd2 d5 22. Rxa5 dxe4 23. Rxa8 Bxa8 24. fxe4 Nxe4 25. Nxe4 Bxe4 26. b3 Rd8 27. Qe3 Qb7 28. Qf2 e5 29. Nf5 Qd7 30. Ne3 Qd4 31. Re1 Bg6 32. h3 Rc8 33. Re2 Qa1+ 34. Kh2 e4 35. g4 Qe5+ 36. Qg3 Qxg3+ 37. Kxg3 Rc3 38. Kf4 f6 39. h4 h5 40. g5 fxg5+ 41. Kxg5 Kh7 42. Kf4 Kh6 43. Rg2 Rc5 44. Nc4 Rf5+ 45. Ke3 Rf3+ 46. Kd4 Rh3 47. Ne5 e3 48. Rxg6+ Kh7 49. Rg2 Rxh4+ 50. Kxe3 Rh1 51. Nf3 Re1+ 52. Nxe1 Kh6 53. Nf3 g5 54. Rxg5 h4 55. Rg4 Kh5 56. Rxh4+ Kg6 57. Kf4 Kg7 58. Rh5 Kg6 59. Re5 Kf6 60. c4 Kf7 61. c5 Kg6 62. c6 Kh6 63. c7 Kh7 64. c8=Q Kg7 65. Qc6 Kf8 66. Qe8+ Kg7 67. Rg5+ Kf6 68. Rg6# 1-0


[Site "https://www.chess.com"]

[Event "Titled Tuesday Blitz January 10 Late 2023"]
[White "Zanette, Edgard Vinicius"]
[Black "Suvorov, Alexander"]
[WhiteFideId "2109263"]
[BlackFideId "12977063"]
[WhiteElo "2085"]
[BlackElo "2338"]
[Result "0-1"]
[Round "03"]
[TimeControl "180+2"]
[Date "2023.01.10"]
[WhiteClock "0:00:09"]
[BlackClock "0:00:12"]

1. e4 e5 2. Nf3 Nc6 3. Bb5 Nge7 4. c3 a6 5. Ba4 b5 6. Bb3 Ng6 7. d4 exd4 8. cxd4 Bb4+ 9. Bd2 O-O 10. O-O Bxd2 11. Qxd2 Bb7 12. a4 Qe7 13. e5 Nb4 14. d5 c5 15. d6 Qe8 16. Re1 Bxf3 17. gxf3 Kh8 18. f4 f6 19. e6 dxe6 20. axb5 Qxb5 21. Nc3 Qc6 22. Rxe6 Rad8 23. Bd5 Rxd6 24. Rxd6 Qxd6 25. Rd1 Nxf4 26. Bf3 Qe5 27. Re1 Qf5 28. Be4 Qg5+ 29. Kh1 h6 30. Rg1 Qh4 31. Qe3 Nh3 32. f3 Nxg1 33. Qxg1 Rd8 34. Qxc5 Qe1+ 35. Kg2 Nc2 36. Qc7 Ne3+ 37. Kh3 Qf1+ 38. Kg3 Qg1+ 39. Kf4 Rg8 40. h4 Qh2+ 0-1


[Site "https://www.chess.com"]